[Event "Frauenbundesliga 2024-25"]
[Site "Germany"]
[Date "2025.01.25"]
[Round "3.1"]
[White "Antolak, Julia"]
[Black "Peglau, Charis"]
[Result "1-0"]
[Annotator "TA"]
[ECO "B17"]
[WhiteElo "2300"]
[BlackElo "2210"]
[PlyCount "73"]
[EventDate "2024.11.06"]
[EventType "team-tourn"]
[EventCountry "GER"]
[SourceTitle "playchess.com"]
[Source "ChessBase"]
[SourceQuality "1"]
[WhiteTeam "Harksheide"]
[BlackTeam "Dippoldiswalde"]
[TimeControl "40/5400+30:1800+30"]

1. e4 c6 2. d4 d5 3. Nd2 dxe4 4. Nxe4 Nd7 5. Bc4 Ngf6 6. Nxf6+ Nxf6 7. c3 $1 {[%emt 0:00:07] 7.c3 is better than 7.Nf3.} e6 8. Nf3 Bd6 {[%emt 0:01:15] B17: Caro-Kann: Modern Line (4...Nd7).} 9. O-O O-O 10. Bg5 h6 {[%emt 0:23:34] White is slightly better.} 11. Bh4 b6 $146 (11... Be7 12. Ne5 Nd7 13. Bxe7 Qxe7 14. Qe2 Nb6 15. Bb3 Nd5 16. Bxd5 exd5 17. Qf3 Be6 {1-0 Ruiz Agudelo,J (1371)-Diaz Pisfil,A (1179) Pan American-ch U10 2019 (7)}) 12. Qe2 Bb7 13. Rad1 Be7 14. Ne5 Nd5 15. Bxd5 cxd5 16. Bxe7 Qxe7 17. f4 a5 18. Rf3 b5 19. Rg3 $16 (19. Qxb5 Ba6 20. Qc5 (20. Qxa5 $2 {perishes.} Be2 $19) 20... Qxc5 21. dxc5 Be2 $17) 19... b4 20. Qh5 $40 {[%emt 0:04:20][%mdl 128] White attacks White wants a kill. White is much more active.} (20. Qg4 $142 f5 21. Qf3) 20... Kh7 {[%emt 0:00:55] [#] This move loses the game for Black.} (20... f6 $16 21. Nd3 bxc3) 21. Rdd3 $1 $18 f5 $2 (21... f6) 22. Rg6 Rf6 23. Rh3 Qf8 24. Nd7 {[%emt 0:06:03][%cal Oh5h6] Threatening mate with Qxh6+!.} Rxg6 25. Nxf8+ Rxf8 26. Qe2 Ra8 27. cxb4 axb4 28. Qb5 Rc8 {[%emt 0:02:10] [#] ...Rc1+ would now be deadly.} 29. Rg3 ({Inferior is} 29. Qxb7 Rc1+ 30. Kf2 Rc2+ 31. Ke3 Rgxg2 $11) 29... Rc1+ 30. Kf2 {[%emt 0:00:06] White is clearly winning.} Rc2+ 31. Ke1 Rxg3 32. hxg3 {[%emt 0:00:25] KQ-KRB} Bc6 33. Qxb4 Rxg2 34. Qd6 Bb5 35. Qxe6 Rxb2 (35... Bd3 $142 36. Qxd5 Re2+ 37. Kd1 Rxb2) 36. Qxf5+ Kh8 37. Qxd5 {[%emt 0:00:15] Weighted Error Value: White=0.15 (very precise) /Black=0.64  Loses game:     	---       	Black=1      Mistake:       	White=1     	Black=3      Inaccurate:     	---       	Black=1      OK:         	White=13    	Black=4      Best:        	White=3     	Black=1      Strong:       	White=1     	---} 1-0

[Event "Frauenbundesliga 2024-25"]
[Site "Germany"]
[Date "2025.01.25"]
[Round "3.1"]
[White "Klek, Hanna Marie"]
[Black "Dolzhykova, Kateryna"]
[Result "0-1"]
[Annotator "TA"]
[ECO "B15"]
[WhiteElo "2290"]
[BlackElo "2299"]
[PlyCount "82"]
[EventDate "2024.11.06"]
[EventType "team-tourn"]
[EventCountry "GER"]
[SourceTitle "playchess.com"]
[Source "ChessBase"]
[SourceQuality "1"]
[WhiteTeam "Schachfreunde Deizisau"]
[BlackTeam "SG Solingen"]
[TimeControl "40/5400+30:1800+30"]

1. e4 c6 2. d4 d5 3. Nc3 dxe4 4. Nxe4 Nf6 5. Nxf6+ exf6 6. c3 Bd6 7. Bd3 O-O 8. Qc2 Re8+ {[%emt 0:00:06] B15: Caro-Kann: 3 Nc3: 3...g6 and 3...dxe4 4 Nxe4 Nf6 5 Nxf6+ exf6.} 9. Ne2 h5 10. Be3 Nd7 {[%emt 0:00:39] White is slightly better.} 11. c4 f5 $146 (11... Nf8 12. O-O-O Be6 13. Kb1 Ng6 14. h3 h4 15. Rhe1 Ne7 16. Nc3 Qd7 17. a3 Rac8 {1-0 Nepomniachtchi,I (2771)-Dreev,A (2606) Moscow Dvoretsky Memorial Blitz 2023 (6)}) 12. Bxf5 Nf6 {[%emt 0:00:16] Wards off Bh7+} 13. Bxc8 (13. O-O $14) 13... Rxc8 $11 14. h3 {[%emt 0:05:12] Against Ng4} Bb4+ {[%emt 0:08:55][%mdl 1024] Black sacrificed a pawn Black has compensation.} 15. Kf1 Ne4 16. h4 Qf6 17. Rh3 Bd2 18. Rf3 (18. Bxd2 $2 Qxf2#) 18... Qg6 19. Qd1 (19. Bxd2 $2 Ng3+ 20. Nxg3 Qxc2 $19) 19... Bxe3 20. fxe3 Nd6 21. Rc1 Nf5 $1 22. Rc3 Re4 23. Nf4 (23. g3 $1 $15) 23... Qg4 $17 24. Qd2 Rce8 (24... Qxh4 25. Nh3 Ng3+ 26. Kg1 $11) 25. Kg1 Nxh4 {[%emt 0:03:50] Black attacks} 26. Rf2 Nf5 27. Nd3 $2 (27. Rf3 $17 {was forced.}) 27... Ng3 $2 (27... Rxe3 28. Ne5 Qxd4 29. Qxd4 Re1+ 30. Kh2 Nxd4 31. Nxf7 $19) (27... Nxe3 $19 28. Nc5 Nxc4 (28... Rxd4 $2 29. Rd3 $19) (28... R4e7 $2 29. d5 $19) 29. Nxe4 (29. Rxc4 $2 Re1+ 30. Rf1 R8e2 $19) 29... Nxd2 30. Nxd2 Re1+ (30... Qxd4 $2 31. Nf3 $19) 31. Nf1 Qxd4) 28. Rf3 Qh4 29. Nf2 {[%emt 0:00:13][%cal Od4d5] Against Qh1+} R4e6 30. d5 Rd6 (30... Rg6 $1 $17 31. Qc2 Qg5) 31. Rd3 $15 cxd5 32. cxd5 ({White should play} 32. Rxd5 $11 Rg6 33. Qd3) 32... f5 {[%emt 0:01:18][%csl Oe3,Og2] White has weak pawns} (32... Qg5 $1 $15) 33. Nh3 (33. Qc2 $11) 33... Ne4 $17 {[%emt 0:04:09][%csl Oe4] Strong Square Black (e4) Black has more active pieces.} 34. Qb4 (34. Qc2 $15) 34... Rb6 $2 (34... Rg6 $19 35. Qa4 Qe1+ 36. Kh2 (36. Rf1 $2 Rxg2+ 37. Kxg2 Qg3+ 38. Kh1 Qxh3+ 39. Kg1 Qg4+ 40. Kh2 Rc8 $19) 36... Nf6) 35. Qd4 {[%emt 0:00:08] [#]} (35. Qc4 $11) 35... Rg6 ({Black should try} 35... Rc8 $1 $17 36. Rc3 (36. Rxf5 $2 Rg6 $19) 36... Rxc3 37. bxc3 Qg4) 36. Nf4 $1 $11 Rg3 {[%emt 0:02:44] Really sharp!} 37. Rxg3 (37. Qxa7 Rxf3 38. Rd1 Rxf4 39. exf4 Ng3) (37. d6 $11 Rxf3 38. Qd5+ Kh7 39. Qxf5+ (39. gxf3 $2 Qf2+ 40. Kh1 Ng3#) 39... Kg8 40. Qd5+ Kh7 41. Qf5+) 37... Qxg3 $15 38. Rd1 {[%emt 0:01:00][%cal Od5d6] Dodges Qe1+} ({Avoid the trap} 38. d6 $2 Qe1+ 39. Kh2 Nf6 40. Nxh5 (40. Qxa7 $2 {is a self mate.} Ng4+ 41. Kh3 h4 42. Qxb7 Qh1#) 40... Ng4+ (40... Nxh5 41. d7 $15) 41. Kh3 Qh1+ (41... Nxe3 42. Qxg7#) 42. Kg3 Qh2+ (42... Qxh5 $2 43. d7 $19) 43. Kf3 Qxh5 $19 (43... Ne5+ $2 44. Kf2 $19)) 38... Qf2+ $40 {[%emt 0:00:36][%mdl 128] Black has some attack.} 39. Kh2 $2 {[%emt 0:00:19] [#]} (39. Kh1 $1 $15) 39... Ng5 $1 $19 {[%emt 0:00:54] ...Nf3+ would now be deadly.} (39... g5 40. Ne6 Re7 41. Rc1 $11) 40. Qc4 $2 (40. Kh1 $19 Rxe3 (40... Qxe3 41. Qxe3 Rxe3 42. d6 $11) 41. Ne6 Nxe6 42. dxe6) 40... Nf3+ ({Worse is} 40... Qxb2 41. d6+ (41. Nxh5 Nf3+ 42. Kh1 Ne5 $11) 41... Kh7 42. d7 $16 (42. Nxh5 Rxe3 43. Ng3 Nf3+ 44. Kh3 Ng5+ 45. Kh2 Nf3+ 46. Kh3 Re6 $19)) 41. Kh1 Qh4+ {[%emt 0:30:01] Weighted Error Value: White=0.59/Black=0.38  Loses game:     	White=3     	---        Missed win:     	---       	Black=2      Mistake:       	White=7     	Black=3      Inaccurate:     	White=2     	Black=3      OK:         	White=10    	Black=11     Best:        	White=2     	Black=3      Strong:       	White=1     	Black=2} 0-1

[Event "Frauenbundesliga 2024-25"]
[Site "Germany"]
[Date "2025.01.25"]
[Round "3.2"]
[White "Kiolbasa, Oliwia"]
[Black "Wagner, Dinara"]
[Result "1/2-1/2"]
[Annotator "TA"]
[ECO "C50"]
[WhiteElo "2357"]
[BlackElo "2437"]
[PlyCount "116"]
[EventDate "2024.11.06"]
[EventType "team-tourn"]
[EventCountry "GER"]
[SourceTitle "playchess.com"]
[Source "ChessBase"]
[SourceQuality "1"]
[WhiteTeam "Bad Koenigshofen"]
[BlackTeam "Baden-Baden"]
[TimeControl "40/5400+30:1800+30"]

1. e4 e5 2. Nf3 Nc6 3. Bc4 Bc5 4. d3 Nf6 5. a4 a6 6. c3 {[%emt 0:03:33] C50: Hungarian Defence and Giuoco Pianissimo.} d6 7. a5 Ba7 8. O-O O-O 9. Be3 Bxe3 10. fxe3 Ne7 11. Nbd2 Ng6 12. b4 b5 13. axb6 cxb6 14. Bb3 $146 (14. d4 Bb7 15. d5 Qc7 16. Rc1 a5 17. Bd3 Rfb8 18. h3 Bc8 19. Kh2 Bd7 20. Qe2 {1-0 Aronian,L (2725)-Lysyj,I (2589) Chessable Play In Match D2 rapid 2024 (2.1)}) 14... d5 15. exd5 Nxd5 16. Nc4 Be6 {[%emt 0:13:41] [#]} 17. Qe1 f6 (17... Nf6 $11) 18. g3 b5 19. Ncd2 Nc7 20. Qe2 Qd7 21. Bc2 Bg4 22. Ne4 Qc6 23. Qg2 Nd5 24. Bb3 Kh8 25. Bxd5 Qxd5 26. Nc5 a5 {[%emt 0:01:21] [#]} 27. Nd2 {[%emt 0:03:31] Excellent horsemanship.} Qxg2+ 28. Kxg2 axb4 29. cxb4 Ne7 30. h3 Bh5 31. Ra5 Nd5 32. Rfa1 Rac8 (32... Nxe3+ 33. Kf2 Rxa5 34. bxa5 $15) 33. Rxb5 Nxe3+ 34. Kf2 Nc2 35. Raa5 Nd4 36. Rb6 h6 37. Nde4 Rb8 38. Rxb8 Rxb8 39. Na6 Rb6 40. Nec5 Nc6 41. Ra4 Bf7 42. Nd7 Rb7 43. Nac5 Rxb4 44. Ra8+ Bg8 45. g4 h5 46. Ne4 Rd4 47. Nf8 Nb4 (47... Rxd3 $15 48. g5 Bb3 (48... Rxh3 49. Ng6+ Kh7 50. Nf8+ Kh8 51. Ng6+ Kh7 52. Nf8+ Kh8 $18)) 48. gxh5 (48. Ne6 $1 $11 {was the only way to keep the balance.}) 48... Nxd3+ $17 (48... Rxd3 $6 49. Ng6+ Kh7 50. Nf8+ Kh6 51. Ne6 $11) 49. Ke3 Nb4 {[%emt 0:00:17][%cal Od4e4] And now ...Rxe4+! would win.} 50. Ra7 $2 (50. Ng3 $17 {is tougher.}) 50... Bd5 $2 (50... Nc2+ $19 51. Kf2 Rxe4) 51. Ng6+ $11 Kg8 52. Nd6 (52. Ne7+ $11 {remains equal.} Kh8 53. Ng6+ Kg8 54. Ne7+) 52... Rd3+ $17 53. Kf2 Rxh3 ({Better is} 53... Kh7 $15 54. Ne8 Kh6 (54... Rxh3 55. Nxf6+ Kh6 56. Ng4+ Kxh5 57. N6xe5 $11) 55. Rxg7 Rxh3) 54. Nf5 $1 $11 {[%emt 0:00:27][%csl Gf5][%cal Ra7g7] The position is equal.} Nd3+ (54... Rxh5 55. Rxg7#) 55. Ke2 Nf4+ $1 ({Stronger than} 55... Rxh5 56. Rxg7#) (55... Nc1+ 56. Ke1 Rh1+ (56... Rxh5 57. Rxg7#) 57. Kd2 Rh2+ (57... Rxh5 58. Rxg7#) (57... Nb3+ $2 58. Kc3 $18) 58. Kxc1 Rh1+ 59. Kd2 Rh2+ 60. Ke1 Rh1+ 61. Kf2 Rh2+ 62. Kg3 Rg2+ 63. Kh3 Rxg6 64. hxg6) 56. Nxf4 Bc4+ 57. Kf2 exf4 58. Rxg7+ Kf8 {[%emt 0:01:11] Weighted Error Value: White=0.24 (precise) /Black=0.19 (very precise)   Loses game:     	White=1     	---        Missed win:     	---       	Black=1      Mistake:       	White=2     	Black=3      Inaccurate:     	White=4     	Black=3      OK:         	White=24    	Black=25     Best:        	White=5     	Black=2      Strong:       	White=1     	Black=1} 1/2-1/2

[Event "Frauenbundesliga 2024-25"]
[Site "Germany"]
[Date "2025.01.25"]
[Round "3.2"]
[White "Van Foreest, Machteld"]
[Black "Schleining, Zoya"]
[Result "1-0"]
[Annotator "TA"]
[ECO "C42"]
[WhiteElo "2312"]
[BlackElo "2323"]
[PlyCount "79"]
[EventDate "2024.11.06"]
[EventType "team-tourn"]
[EventCountry "GER"]
[SourceTitle "playchess.com"]
[Source "ChessBase"]
[SourceQuality "1"]
[WhiteTeam "SG Solingen"]
[BlackTeam "Schachfreunde Deizisau"]
[TimeControl "40/5400+30:1800+30"]

1. e4 e5 2. Nf3 Nc6 3. Nc3 Nf6 4. h3 d6 5. d4 exd4 6. Nxd4 {[%emt 0:00:16] C42: Petroff Defence: 3 Nxe5 and unusual White 3rd moves.} g6 7. Bg5 Bg7 8. Nd5 {[%emt 0:14:06] White has an edge.} O-O $146 (8... a6 9. c3 Be6 10. Nxe6 fxe6 11. Nf4 Kf7 12. Bc4 Re8 13. O-O Qd7 14. Qe2 Ne5 {0-1 Galdunts,S (2475)-Miles,A (2615) Bad Woerishofen op 11th 1995 (8)}) 9. Nb5 Be6 $1 (9... Re8 $6 10. Bd3 $16 (10. Nbxc7 Rxe4+ 11. Be2 Nd4 $17)) 10. Ndxc7 {[%emt 0:12:36] [#]} h6 $1 11. Be3 (11. Bxf6 Qxf6) 11... Nxe4 (11... a6 $1 $14) 12. Bd3 $1 $36 {[%emt 0:00:41][%mdl 2048] White is on the roll.} Nc5 13. Nxa8 Qa5+ {[%emt 0:01:42] [#]} 14. Qd2 $1 (14. c3 $6 Nxd3+ 15. Qxd3 Rxa8 $14) 14... Nxd3+ 15. cxd3 Qxb5 16. Nc7 Qxb2 17. Qxb2 Bxb2 18. Nxe6 fxe6 19. Rb1 Bc3+ 20. Kd1 Rf7 21. f3 (21. Bxh6 $18 Rxf2 22. Rxb7) 21... h5 22. Ke2 Bd4 23. Rhc1 e5 24. Bxd4 Nxd4+ {[%emt 0:00:36][%mdl 4096] Endgame KRR-KRN} 25. Ke3 Kg7 26. Rc8 Kf6 27. Rb8 Rc7 (27... Nf5+ $16 28. Kd2 b6) 28. R1xb7 Rc2 29. Ke4 {[%emt 0:04:23] Rf8+ would now be deadly.} (29. Rxa7 $2 Re2#) 29... Rxa2 30. Rf8+ Ke6 31. Re8+ Kf6 32. Rf8+ Ke6 33. Re8+ Kf6 34. Kd5 (34. Rd7 $18 {is more deadly.} Ra4 35. Kd5 (35. Rxd6+ Kf7 $14) 35... Ra5+ 36. Kxd6) 34... Rxg2 $2 {[%emt 0:04:06][%mdl 8192] Loses the game.} (34... Kg5 $16 {is more resistant.}) 35. f4 $18 {[%emt 0:01:20] White is clearly winning.} ({Less strong is} 35. Kxd6 Rg3 $18) 35... exf4 36. Kxd4 Rh2 37. Rb5 Kg7 38. Re4 f3 39. h4 f2 40. Rb7+ {[%emt 0:00:02] Weighted Error Value: White=0.18 (very precise) /Black=0.35  Loses game:     	---       	Black=2      Mistake:       	White=2     	Black=3      Inaccurate:     	White=1     	Black=1      OK:         	White=13    	Black=10     Best:        	White=2     	Black=3      Strong:       	White=1     	Black=1} 1-0

[Event "Frauenbundesliga 2024-25"]
[Site "Germany"]
[Date "2025.01.25"]
[Round "3.2"]
[White "Peglau, Dora"]
[Black "Unuk, Laura"]
[Result "1/2-1/2"]
[Annotator "TA"]
[ECO "C11"]
[WhiteElo "2022"]
[BlackElo "2312"]
[PlyCount "123"]
[EventDate "2024.11.06"]
[EventType "team-tourn"]
[EventCountry "GER"]
[SourceTitle "playchess.com"]
[Source "ChessBase"]
[SourceQuality "1"]
[WhiteTeam "Dippoldiswalde"]
[BlackTeam "Harksheide"]
[TimeControl "40/5400+30:1800+30"]

1. e4 e6 2. d4 d5 3. Nc3 Nf6 4. e5 Nfd7 5. Nce2 c5 6. c3 cxd4 7. cxd4 f6 8. f4 {[%emt 0:19:09] 8.exf6 is a critical line.} (8. exf6 $142 Nxf6 9. Nf3) 8... fxe5 $11 {[%emt 0:08:54] C11: French: Classical System: 4 e5 and 4 Bg5 dxe4.} 9. fxe5 Qh4+ (9... Bb4+ $1 $15 10. Bd2 Qh4+ (10... Bxd2+ 11. Qxd2 Nc6 12. Nf4 $16) 11. g3 Qe4 12. Bxb4 Nc6) 10. Ng3 $1 (10. g3 $2 Qe4 11. Kf2 Nxe5 $17 (11... Qxh1 12. Bg2 $17)) 10... Bb4+ {[%emt 0:02:40] White has an edge.} 11. Kf2 O-O+ (11... Ba5 {simplifies} 12. Nf3 O-O 13. Kg1 Rxf3 14. gxf3 Bb6) 12. Nf3 Nc6 13. Be3 Ndxe5 14. dxe5 d4 {[%emt 0:03:14] [#]} (14... Nxe5 $11 15. Kg1 Nxf3+ 16. gxf3 Bd7) 15. Kg1 $2 (15. Bd2 $1 $16 {[%cal Rd2b4] is forced if you want to stay better.}) 15... Rxf3 $146 (15... dxe3 16. Nxh4 e2 17. Qc2 Nd4 18. Qc4 Rf4 19. Qc7 b6 20. h3 Ba6 21. Bxe2 Nxe2+ 22. Nxe2 Bxe2 23. Nf3 Raf8 24. Kh2 Bxf3 25. gxf3 Rxf3 26. Rhg1 R3f7 27. Qc4 {1-0 Pedersen,O (2100)-Pedersen,A (1988) Tromsoe Bymesterskap 2012 (2)}) 16. Qxf3 dxe3 17. Qe4 (17. Qxe3 $2 Ba5 $19) 17... Qxe4 (17... Qg5 {is more complex.} 18. Bd3 g6 19. Ne2 Qxe5 20. h4 Qxe4 21. Bxe4 e5) 18. Nxe4 Nxe5 {[%emt 0:00:03] And now ...Bd7 would win.} 19. h4 Ba5 20. Be2 Bb6 21. Rc1 Nc6 22. Nd6 Bd4 (22... Nd4 $15 23. Bg4 Bd7 24. Nxb7 g6) 23. b4 $11 Bd7 24. b5 Ne5 (24... Ne7 $11) 25. Nxb7 {[%emt 0:01:44] White has a queen side majority} (25. Kh2 $14) 25... Rb8 (25... Rf8 $1 $11 26. h5 Bxb5 27. Bxb5 e2+ 28. Kh2 Ng4+ 29. Kg3 Nf2 30. Bxe2 Be5+ 31. Kh4 Bf6+ 32. Kg3 Be5+) 26. Nd6 $14 Rb6 {[%emt 0:00:25] [#]} 27. Ne4 Rb8 (27... Bxb5 $2 28. Rc8+ Kf7 29. Bxb5 $18) 28. Kh2 h5 (28... Bxb5 $2 29. Bxb5 (29. Rhd1 Bxe2 30. Rxd4 Bh5 $16) 29... g5 30. Be2 $18 (30. Rhd1 Bb2 $18)) (28... Kf7 $16 29. a4 (29. Rhd1 Bb6 $16) 29... Bb6) 29. Rhd1 $18 ({Inferior is} 29. Bxh5 Rxb5 30. Rb1 Kf8 $11) 29... Bb6 30. Nc5 (30. Bxh5 Bxb5 31. a4 Bxa4 $17) (30. a4 $18) 30... Be8 (30... Bxb5 $16 31. Bxb5 Ng4+ 32. Kg1 Rc8) 31. a4 Ng4+ 32. Bxg4 hxg4 33. Nxe6 (33. Nd7 $18 Bxd7 34. Rxd7) 33... Bf7 $1 $14 34. Nf4 Re8 35. Ne2 Bb3 36. Rd7 Bxa4 37. Rd5 Bb3 38. Rg5 Be6 ({Better is} 38... Re4 $1 $11) 39. h5 Kh7 40. Rc3 Re7 41. Re5 Re8 $1 42. Kg3 Bd7 43. Rd5 Re7 44. Rc2 Rf7 45. Nf4 Ba5 46. Re2 {[%emt 0:00:30] Wards off Be1+} Bc7 47. Rd4 Bxb5 {A strong pair of Bishops.} 48. Rxe3 Bb6 49. Ree4 Bxd4 50. Rxd4 $15 {[%emt 0:00:30][%mdl 4096] Endgame KRB-KRN. Black is a pawn up.} Bd7 51. Ng6 {[%emt 0:00:30] And now Ne5 would win.} Bf5 $1 52. Ne5 Rc7 53. Nxg4 Rc5 54. Ne3 Be6 55. Rd3 Bf7 56. Rd7 {[%emt 0:00:30][%csl LRa7,LRf7] The position is equal.} Bxh5 57. Rxa7 Bg6 58. Kf4 Rb5 59. Ra4 Be8 60. Rd4 Ra5 61. g3 Bg6 62. Rb4 {[%emt 0:00:30] Black defended with fortune.   Weighted Error Value: White=0.22 (precise) /Black=0.20 (precise)   Mistake:       	White=4     	Black=8      Inaccurate:     	White=7     	Black=5      OK:         	White=21    	Black=18     Best:        	White=3     	Black=2      Strong:       	White=1     	Black=3} 1/2-1/2

[Event "Frauenbundesliga 2024-25"]
[Site "Germany"]
[Date "2025.01.25"]
[Round "3.3"]
[White "Narva, Mai"]
[Black "Schneider, Jana"]
[Result "0-1"]
[Annotator "TA"]
[ECO "D36"]
[WhiteElo "2398"]
[BlackElo "2260"]
[PlyCount "70"]
[EventDate "2024.11.06"]
[EventType "team-tourn"]
[EventCountry "GER"]
[SourceTitle "playchess.com"]
[Source "ChessBase"]
[SourceQuality "1"]
[WhiteTeam "Baden-Baden"]
[BlackTeam "Bad Koenigshofen"]
[TimeControl "40/5400+30:1800+30"]

1. d4 Nf6 2. c4 e6 3. Nc3 d5 4. cxd5 exd5 5. Bg5 c6 6. Qc2 Bd6 {[%emt 0:03:05] Recently 6...h6 got a lot of attention.} 7. e3 O-O {[%emt 0:00:27] D36: Queen's Gambit Declined: Exchange Variation: Main line (5 Bg5 c6 6 Qc2).} 8. Bd3 {[%emt 0:00:00][%cal Od3h7] next Bxh7+! is good for White.} h6 9. Bh4 Re8 {[%emt 0:00:22] The position is equal.} 10. Nge2 a5 11. h3 Na6 12. a3 {[%emt 0:00:00] Wards off Nb4} Nc7 13. O-O Ne6 14. f3 Ng5 15. e4 (15. f4 $11 {keeps the balance.} Nxh3+ 16. gxh3 Rxe3 17. Bh7+ Kh8 18. Bf5) 15... Nfxe4 $1 $17 {[%emt 0:03:00] Black is more active.} 16. fxe4 {[%emt 0:00:00] [#] Now White is beyond hope.} (16. Bxe4 $17 dxe4 (16... Nxh3+ 17. gxh3 Qxh4 18. Bh7+ Kh8 19. Bf5 $15) 17. Bxg5 Qxg5 18. Nxe4) 16... Nxh3+ $1 $19 17. gxh3 Qxh4 18. e5 $2 {[%emt 0:00:00] [#]} (18. Rf2 Bxh3 (18... Qxh3 19. e5 $14) 19. Qb3) 18... Rxe5 $1 19. Bh7+ (19. dxe5 Bc5+) 19... Kh8 20. dxe5 Bc5+ 21. Nd4 {[%emt 0:00:00][%cal Oc3e2] Black must now prevent Nce2!.} Bxd4+ 22. Kh1 Qxh3+ $146 (22... Bxh3 23. Qh2 Bxe5 24. Qxe5 Bxf1+ 25. Kg1 Bh3 26. Bd3 f6 27. Qe2 d4 28. Re1 Qg3+ {0-1 Agibileg,U (2441)-Warmerdam,M (2633) Titled Tuesday intern op 29th Aug Early blitz 2023 (6)}) 23. Qh2 Qxh2+ ({Weaker is} 23... Kxh7 24. Qxh3 Bxh3 25. Rxf7 $19) ({Inferior is} 23... Bxc3 24. bxc3 Qxc3 (24... Kxh7 25. Rxf7 Qg4 26. Rg1 $11) 25. Bc2 $11) (23... Bxe5 24. Qxh3 Bxh3 25. Bd3 Bxf1 26. Rxf1 $19) 24. Kxh2 Bxe5+ {[%emt 0:00:12] This pair of bishops is nice.} 25. Kg1 Kxh7 26. Rxf7 Bg4 {[%emt 0:05:38] Black is clearly winning.} 27. Re1 Re8 28. Kg2 b5 29. Nb1 Re6 30. b3 {[%emt 0:00:00] [#]} Rg6 $1 31. Kf1 (31. Rf2 Be6+) 31... Bd4 {[%emt 0:06:28] White must now prevent ...Bh5.} 32. Nd2 Bc3 33. Rf2 Bh3+ 34. Ke2 Re6+ 35. Kd1 Bg4+ {[%emt 0:21:52] Weighted Error Value: White=0.46/Black=0.02 (flawless)   Mistake:       	White=3     	---        OK:         	White=8     	Black=16     Best:        	White=2     	Black=1      Strong:       	---       	Black=1      Brilliant:      	---       	Black=2} 0-1

[Event "Frauenbundesliga 2024-25"]
[Site "Germany"]
[Date "2025.01.25"]
[Round "3.3"]
[White "Lach, Aleksandra"]
[Black "Braeutigam, Katerina"]
[Result "1-0"]
[Annotator "TA"]
[ECO "A03"]
[WhiteElo "2214"]
[BlackElo "1947"]
[PlyCount "89"]
[EventDate "2024.11.06"]
[EventType "team-tourn"]
[EventCountry "GER"]
[SourceTitle "playchess.com"]
[Source "ChessBase"]
[SourceQuality "1"]
[WhiteTeam "Harksheide"]
[BlackTeam "Dippoldiswalde"]
[TimeControl "40/5400+30:1800+30"]

1. f4 d5 2. Nf3 g6 3. e3 Bg7 4. Be2 Nd7 5. O-O e5 6. d4 {[%emt 0:01:06] A03: Bird's Opening with 1...d5.} (6. fxe5 $11 {might be stronger.} Nxe5 7. Nxe5 Bxe5 8. d4) 6... e4 7. Ne5 c6 $146 (7... Nxe5 8. fxe5 Be6 {½-½ Pucher,M (1895)-Kratschmer,H (2098) Graz op-B 2006 (2.1)}) 8. c4 {[%emt 0:09:15] The position is equal.} a6 9. cxd5 cxd5 10. Qb3 Ne7 11. Nc3 f6 (11... O-O $14) 12. Nxd7 Qxd7 13. Bd2 Qe6 14. Na4 O-O 15. Nc5 Qf7 {[%emt 0:00:44] [#]} 16. Nxe4 $1 Nf5 (16... dxe4 $2 17. Bc4 Nc6 18. Bxf7+ $18) (16... Bd7 17. Rfc1) 17. Nc5 Re8 (17... Nd6 $16 18. Rfc1 b5) 18. Bf3 $18 Ne7 19. Na4 (19. Nxb7 $6 Rb8) 19... Rb8 20. Nb6 Be6 21. Rac1 Nc8 22. Na4 {[%emt 0:04:27] White is much more active.} (22. Nxd5 $6 Rd8 $16) ({White should try} 22. Rc3) 22... Nd6 $16 23. Nc5 Nc4 24. Rfd1 $36 {[%emt 0:00:42][%mdl 2048] White is on the roll.} Nxd2 (24... Rec8 $16 25. Rc2 Rc6) 25. Rxd2 $18 Red8 26. Nxe6 Qxe6 27. Rc5 Kh8 28. Rxd5 Re8 29. Kf2 Bh6 30. Rc5 Qe7 31. g3 f5 32. Re5 Qd7 33. Rxe8+ Qxe8 34. d5 (34. Bxb7 Qe7 $11) 34... Qd7 35. d6 Bg7 36. Qb6 Bf6 37. Qc7 Rd8 {[%emt 0:00:38] Hoping for ...Qxc7.} 38. Qxb7 ({Don't do} 38. Bxb7 $6 Qxc7 39. dxc7 Rxd2+ 40. Kf3 Rc2 41. c8=Q+ (41. c8=B $2 {is the wrong capture.} a5 $19) (41. c8=R+ Rxc8 42. Bxc8 a5 $16) 41... Rxc8 42. Bxc8 Bxb2 43. Bxa6 h6 $18) 38... Qa4 (38... Qxb7 39. Bxb7 Bxb2 40. Rxb2 Rxd6) 39. Qf7 Bg7 40. d7 Qb5 (40... Qb4 $142) 41. Qe7 Qb8 42. b3 {[%emt 0:03:39] Black must now prevent Rc2.} a5 43. Rc2 {[%emt 0:01:49] Threatening mate with Qe6.} Bf8 44. Qf6+ Bg7 45. Qe6 {[%emt 0:00:30] Weighted Error Value: White=0.19 (very precise) /Black=0.73  Mistake:       	White=1     	Black=5      Inaccurate:     	---       	Black=3      OK:         	White=20    	Black=10     Best:        	White=2     	Black=4      Brilliant:      	White=1     	---} 1-0